 Dungeon Crawl Stone Soup version 0.30.1-4-g462c640d31 (webtiles) character file.

Game seed: 4995028111525641614

611 Peloso the Covered (level 7, -5/60 HPs)
             Began as a Minotaur Fighter on Aug 13, 2023.
             Was an Initiate of Okawaru.
             Slain by a gnoll
             ... wielding a +0 spear
             ... led by a gnoll bouda
              (6 damage)
             ... on level 5 of the Dungeon.
             The game lasted 00:07:25 (4876 turns).

Peloso the Covered (Minotaur Fighter)               Turns: 4876, Time: 00:07:25

Health: -5/60      AC:  7    Str: 20    XL:     7   Next: 20%
Magic:  6/6        EV: 10    Int:  5    God:    Okawaru [......]
Gold:   261        SH:  5    Dex: 12    Spells: 6/6 levels left

rFire   . . .        a - +0 long sword (heavy)
rCold   . . .        c - +0 buckler
rNeg    . . .        b - +0 scale mail
rPois   .            (helmet restricted)
rElec   .            (no cloak)
rCorr   .            (no gloves)
SInv    .            (no boots)
Will    +....        (no amulet) Stlth
                     z - ring of willpower
HPRegen 0.30/turn    (no ring)
MPRegen 0.10/turn

%: no passive effects
@: lethally poisoned (-5 -> -24)
A: horns 2, retaliatory headbutt
a: Renounce Religion


You were on level 5 of the Dungeon.
You worshipped Okawaru.
Okawaru was noncommittal.
You visited 2 branches of the dungeon, and saw 6 of its levels.

You collected 303 gold pieces.
You spent 42 gold pieces at shops.

Inventory:

Hand Weapons
 a - a +0 heavy long sword (weapon)
Missiles
 l - a throwing net (quivered)
Armour
 b - a +0 scale mail (worn)
 c - a +0 buckler (worn)
Jewellery
 e - an amulet of faith
 f - a ring of magical power
 z - a ring of willpower (left hand)
Wands
 q - a wand of paralysis (12)
Scrolls
 h - a scroll of identify
 i - a scroll of brand weapon
 k - 2 scrolls of magic mapping {unknown}
 m - a scroll of amnesia
 o - 2 scrolls of teleportation
 r - a scroll of fog {unknown}
 s - a scroll of blinking {unknown}
 v - a scroll of fear {unknown}
 w - a scroll of poison {unknown}
 x - a scroll of torment {unknown}
 y - a scroll of immolation {unknown}
Potions
 d - a potion of might
 g - a potion of invisibility
 j - a potion of resistance
 n - a potion of flight
 p - a potion of heal wounds
 t - a potion of curing
 u - a potion of magic


   Skills:
 + Level 4.9 Fighting
 + Level 5.6 Long Blades
 + Level 6.1 Armour
 + Level 2.3 Dodging
 + Level 1.0 Stealth
 + Level 5.1 Shields


You had 6 spell levels left.
You didn't know any spells.
Your spell library contained the following spells:

 Spells                   Type           Power      Damage    Failure   Level
 Inner Flame              Hex/Fire       0%         N/A       99%         3
 Yara's Violent Unravell  Hex/Tmut       0%         3d3       100%        5
 Enfeeble                 Hex            0%         N/A       100%        7


Dungeon Overview and Level Annotations

Branches:
Dungeon (5/15)             Temple (1/1) D:4

Altars:
Fedhas
Gozag
Hepliaklqana
Makhleb
Nemelex Xobeh
Okawaru
Qazlal
Ru
Sif Muna
Trog
Xom

Shops:
D:2 :   D:4 ?

Annotations:
D:5 Ijyb


Innate Abilities, Weirdness & Mutations

You have a pair of horns on your head.
You reflexively headbutt those who attack you in melee.


Message History

You are more poisoned.
The gnoll hits you but does no damage.
You feel better. You block the gnoll's attack.
Ijyb hits you but does no damage.
You are poisoned.
You slash Ijyb! Your headbutt misses Ijyb.
Ijyb is heavily wounded.
You feel very sick. The gnoll barely misses you. Ijyb completely misses you.
A gnoll bouda comes into view. It is wielding a +0 whip.
Ijyb zaps a wand.
The puff of flame misses you. You block the gnoll's attack.
You barely miss Ijyb.
The gnoll bouda shouts!
Your headbutt misses Ijyb.
Ijyb is heavily wounded.
You feel sick.
The gnoll hits you from afar with a +0 spear.
Ijyb hits you but does no damage.
You are more poisoned.
Ijyb hits you with a +2 dagger of venom.
You are more poisoned.
The gnoll completely misses you.
You hit Ijyb. You headbutt Ijyb, but do no damage.
Ijyb is severely wounded.
You feel extremely sick.
Ijyb hits you with a +2 dagger of venom.
* * * LOW HITPOINT WARNING * * *
You are lethally poisoned!
The gnoll hits you from afar with a +0 spear.
* * * LOW HITPOINT WARNING * * *
You closely miss Ijyb. You headbutt Ijyb, but do no damage.
Ijyb is severely wounded.
* * * LOW HITPOINT WARNING * * *
You feel extremely sick. You block the gnoll's attack.
The gnoll bouda barks out a call to the hunt!
The gnoll picks up the pace!
Ijyb barely misses you.
Ijyb zaps a wand.
The puff of flame misses you.
The gnoll hits you from afar with a +0 spear.
You die...

#..).<....###.........##
.###)..###.†.###...###.##
....###.........###.....#
.###...###...###.#......#
......###.....#.....#
...###.#...!.)#......#
###...?.#.....#.....##
... #....g.#.###.# ...
#...@g###. ..#
.....#.###g# .. .#
....### ..#.. # .### ..#
..# ... ..## ##.


You could see Ijyb, a gnoll bouda and a gnoll (swift).

Vanquished Creatures
  A scorpion (D:5)
  2 hounds
  3 orc priests (D:3)
  A jelly (D:3)
  An iguana (D:4)
  2 orc wizards (D:4)
  A sleepcap (D:5)
  7 gnolls
  12 adders
  2 dart slugs
  14 orcs
  6 ball pythons
  6 bats
  5 endoplasms
  4 giant cockroaches
  7 goblins
  9 hobgoblins
  3 quokkas
  6 frilled lizards
  7 kobolds
  8 rats
107 creatures vanquished.

Notes
Turn   | Place    | Note
-------+----------+-------------------------------------------
     0 | D:1      | Peloso the Minotaur Fighter began the quest for the Orb.
     0 | D:1      | Reached XP level 1. HP: 19/19 MP: 0/0
   161 | D:1      | Reached XP level 2. HP: 27/27 MP: 1/1
   367 | D:1      | Reached skill level 4 in Armour
  1225 | D:2      | Reached XP level 3. HP: 25/33 MP: 2/2
  1279 | D:2      | Found Akleun Opt's Book Shoppe.
  1314 | D:2      | Reached skill level 1 in Dodging
  1711 | D:2      | Reached XP level 4. HP: 40/40 MP: 3/3
  2183 | D:3      | Reached XP level 5. HP: 33/46 MP: 4/4
  2631 | D:3      | You fall into a shaft and drop 1 floor!
  2631 | D:4      | Found Qosasorch's Magic Scroll Boutique.
  2647 | D:4      | Reached skill level 5 in Armour
  2647 | D:4      | Reached XP level 6. HP: 42/53 MP: 5/5
  2652 | D:4      | Bought a scroll of identify for 28 gold pieces
  2652 | D:4      | Bought a scroll of noise for 14 gold pieces
  3193 | D:3      | Found a hazy altar of Hepliaklqana.
  3541 | D:4      | Found an opulent altar of Gozag.
  3577 | D:4      | Reached skill level 5 in Shields
  3686 | D:4      | Found a shimmering blue altar of Sif Muna.
  3819 | D:4      | Found a staircase to the Ecumenical Temple.
  3834 | Temple   | Entered the Ecumenical Temple
  3842 | Temple   | Became a worshipper of Warmaster Okawaru
  3883 | D:4      | Found a sacrificial altar of Ru.
  4322 | D:5      | Entered Level 5 of the Dungeon
  4326 | D:5      | Reached skill level 5 in Long Blades
  4659 | D:5      | Reached XP level 7. HP: 54/60 MP: 6/6
  4839 | D:5      | Identified the +0 whip of Gluttony {vamp, rElec MP+9}
  4847 | D:5      | Reached skill level 6 in Armour
  4856 | D:5      | Reached skill level 1 in Stealth
  4861 | D:5      | Noticed Ijyb
  4876 | D:5      | HP: 1/60 [poisoned by Ijyb]
  4876 | D:5      | Slain by a gnoll

Illustrated notes

Levels and vault maps discovered:
D:1:      ncdulo_wetmaze, layout_basic
D:2:      minmay_chambers_of_twos, layout_basic, serial_shops,
          nicolae_diamond_shop, st_stairs_3
D:3:      layout_basic, nicolae_hepliaklqana_hippocampus,
          hangedman_decor_growths
D:4:      layout_rooms, mainiacjoe_overflow_six_doors_small,
          lemuel_crystal_altar, mainiacjoe_overflow_small_starburst,
          minmay_temple_entry_slanted, serial_shops, shop, serial_bayou,
          serial_bayou_lagoon_a, serial_bayou_shore_b, serial_bayou_pond_d,
          serial_bayou_shore_b
D:5:      nicolae_BIG_FREAKIN_CUBE, layout_layer_cave,
          mainiacjoe_overflow_alcove_1, nicolae_yredelemnul_ghost_church,
          uniq_ijyb
Temple:   nicolae_temple_little_seven

Skill      XL: |  1  2  3  4  5  6  7 |
---------------+----------------------+-----
Shields        | 4 5 |  5.1
Armour         | 4 5 6 |  6.1
Dodging        | 1 2 |  2.3
Fighting       | 4 |  4.9
Long Blades    | 3 4 5 |  5.6
Stealth        | 1 |  1.0

Action                     |  1- 3 |  4- 6 |  7- 9 || total
---------------------------+-------+-------+-------++-------
  Melee: Long sword        |    77 |   126 |    32 ||   235
         Headbutt          |    12 |    15 |     7 ||    34
    Use: Potion            |     2 |     1 |     1 ||     4
         Scroll            |     1 |     7 |       ||     8
 Armour: Scale mail        |    48 |    76 |    14 ||   138
  Dodge: Dodged            |    45 |    87 |    22 ||   154
  Block: Buckler           |    31 |    39 |    14 ||    84
